 Dungeon Crawl Stone Soup version 0.27-a0-1334-g2746e35aca (webtiles) character file.

Game seed: 9136078786922254573

32 pokeman the Magician (level 3, -1/20 HPs)
             Began as a Deep Elf Hedge Wizard on June 26, 2021.
             Slain by a phantom (3 damage)
             ... on level 4 of the Dungeon.
             The game lasted 00:02:04 (1165 turns).

pokeman the Magician (Deep Elf Hedge Wizard)        Turns: 1165, Time: 00:02:04

Health: -1/20      AC:  4    Str:  7    XL:     3   Next: 10%
Magic:  0/11       EV: 11    Int: 19    God:
Gold:   25         SH:  0    Dex: 14    Spells: 1/12 levels left

rFire    . . .     SeeInvis .   a - +0 dagger
rCold    . . .     Faith    .   (no shield)
rNeg     . . .     Spirit   .   h - +0 leather armour
rPois    .         Reflect  .   c - +0 hat
rElec    .         Harm     .   g - +0 cloak
rCorr    .         Rampage  .   (no gloves)
Will     .....                  (no boots)
Stlth    ++........             (no amulet)
HPRegen  0.06/turn              (no ring)
MPRegen  0.12/turn              (no ring)

@: no status effects
A: no striking features
a: no special abilities


You were on level 4 of the Dungeon.
You visited 1 branch of the dungeon, and saw 3 of its levels.

You collected 25 gold pieces.

Inventory:

Hand Weapons
 a - a +0 dagger (weapon)
Armour
 c - a +0 hat (worn)
 g - a +0 cloak (worn)
 h - a +0 leather armour (worn)
Scrolls
 e - 3 scrolls of identify {unknown}
Potions
 b - a potion of magic {unknown}
 d - 2 potions of resistance {unknown}
 f - a potion of heal wounds {unknown}


   Skills:
 + Level 0.7 Fighting
 + Level 0.7 Armour
 - Level 2.4 Dodging
 - Level 2.4 Stealth
 * Level 5.1 Spellcasting
 + Level 1.7 Conjurations
 - Level 1.1 Summonings
 - Level 1.1 Translocations


You had one spell level left.
You knew the following spells:

 Your Spells              Type           Power      Damage    Failure   Level
a - Magic Dart            Conj           44%        1d5       9%          1
b - Mephitic Cloud        Conj/Pois/Air  7%         N/A       38%         3
c - Call Imp              Summ           9%         N/A       17%         2
d - Blink                 Tloc           N/A        N/A       17%         2
e - Conjure Flame         Conj/Fire      8%         6-21      36%         3

Your spell library contained the following spells:

 Spells                   Type           Power      Damage    Failure   Level
 Slow                     Hex            4%         N/A       26%         2


Dungeon Overview and Level Annotations

Branches:
Dungeon (2/15)

Altars:
Fedhas

Shops:
D:1 (


Message History

The phantom closely misses you.
You hit the phantom.
The phantom is severely damaged.
The phantom completely misses you.
You hit the phantom.
The phantom is almost destroyed.
The phantom hits you.
You closely miss the phantom.
The phantom is almost destroyed.
The phantom hits you.
Casting: Magic Dart (safe; 9% risk of failure)
Confirm with . or Enter, or press ? or * to list all spells.
Aiming: Magic Dart (safe; 9% risk of failure)
Press: ? - help, Shift-Dir - straight line, f/p - phantom
Aim: a phantom (almost destroyed, 100% to hit)
The magic dart hits the phantom.
The phantom is almost destroyed.
The phantom hits you.
Your magical contamination has completely faded away.
You closely miss the phantom.
The phantom is almost destroyed.
The phantom hits you.
* * * LOW HITPOINT WARNING * * *
Unknown command.
Found a blossoming altar of Fedhas.
Casting: Magic Dart (safe; 9% risk of failure)
Confirm with . or Enter, or press ? or * to list all spells.
Aiming: Magic Dart (safe; 9% risk of failure)
Press: ? - help, Shift-Dir - straight line, f/p - phantom
Aim: a phantom (almost destroyed, 100% to hit)
The magic dart hits the phantom.
The phantom is almost destroyed.
The phantom closely misses you.
You miss the phantom.
The phantom is almost destroyed.
The phantom misses you.
You hit the phantom.
The phantom is almost destroyed.
The phantom hits you.
You die...

...................#
...................# ##
...................###...
.........................
.......................#.
#.....................##
#.....................##
#...............W.......
#...............@........
............##...........
.........#...##..........
.........##...≈≈≈.......
...^.....#....≈≈..(..#..
.....#.... .≈_.........
...≈≈........
......≈......#


You could see a phantom.

Vanquished Creatures
  A dart slug (D:1)
  5 ball pythons (D:1)
  A bat (D:1)
  3 endoplasms
  A giant cockroach (D:1)
  2 goblins (D:1)
  3 hobgoblins (D:1)
  3 jackals (D:1)
  A quokka (D:1)
  3 kobolds (D:1)
  4 rats (D:1)
27 creatures vanquished.

Notes
Turn   | Place    | Note
-------+----------+-------------------------------------------
     0 | D:1      | pokeman the Deep Elf Hedge Wizard began the quest for the
                  | Orb.
     0 | D:1      | Reached XP level 1. HP: 10/10 MP: 7/7
   112 | D:1      | Found Rehag's Weapon Emporium.
   252 | D:1      | Reached XP level 2. HP: 16/16 MP: 7/9
   653 | D:1      | Reached skill level 5 in Spellcasting
   874 | D:1      | Reached XP level 3. HP: 20/20 MP: 8/11
   891 | D:1      | Learned a level 3 spell: Mephitic Cloud
   894 | D:1      | Learned a level 2 spell: Call Imp
   897 | D:1      | Learned a level 2 spell: Blink
   901 | D:1      | Learned a level 3 spell: Conjure Flame
  1099 | D:2      | You fall into a shaft and drop 2 floors!
  1136 | D:4      | Noticed a phantom
  1160 | D:4      | Found a blossoming altar of Fedhas.
  1165 | D:4      | Slain by a phantom

Illustrated notes

Levels and vault maps discovered:
D:1:      onia_arrival_mini_spirals, layout_rooms, serial_shops, shop,
          minmay_tripent
D:2:      layout_basic, uniq_robin, uniq_natasha
D:4:      layout_layer_cave, nicolae_qazlal_eye_of_the_storm,
          pdpol_wu_jian_five_deadly_venoms, fedhas_altar_2,
          minmay_temple_entry_slanted

Skill      XL: |  1  2 |
---------------+-------+-----
Spellcasting   | 5 |  5.1
Fighting       | |  0.7
Armour         | |  0.7
Dodging        | |  2.4
Stealth        | |  2.4
Conjurations   | |  1.7
Summonings     | |  1.1
Translocations | |  1.1

Action                   || total
-------------------------++-------
Melee: Dagger            ||     8
 Cast: Magic Dart        ||    81
Armor: Leather armour    ||     5
Dodge: Dodged            ||    10

Table legend: (Time is in decaauts)
 A = Elapsed time spent in this place.
 B = Non-inter-level travel time spent in this place.
 C = Inter-level travel time spent in this place.
 D = Time resting spent in this place.
 E = Time spent auto-exploring this place.
 F = Levels seen in this place.
 G = Mean time per level.
                   A        B        C        D        E       F      G
               +--------+--------+--------+--------+--------+-----+--------+
         Total |   1164 |   1144 |     20 |     49 |    914 |   3 |  388.0 |
       Dungeon |   1164 |   1144 |     20 |     49 |    914 |   3 |  388.0 |
               +--------+--------+--------+--------+--------+-----+--------+

Top non-repeatable levels by time:
     D:1: 1074 daAuts
     D:4: 65 daAuts
     D:2: 24 daAuts
